 Dungeon Crawl Stone Soup version 0.30.0 (webtiles) character file.

Game seed: 4439187347407922038

1023 Dani the Chopper (level 8, 46/60 HPs)
             Began as a Demonspawn Fighter on May 20, 2023.
             Was a Follower of Okawaru.
             Quit the game on level 6 of the Dungeon.
             The game lasted 00:06:09 (3035 turns).

Dani the Chopper (Demonspawn Fighter)               Turns: 3035, Time: 00:06:10

Health: 46/60      AC: 12    Str: 17    XL:     8   Next: 2%
Magic:  8/8        EV:  9    Int: 11    God:    Okawaru [*.....]
Gold:   236        SH:  4    Dex: 10    Spells: 7/7 levels left

rFire   . . .        q - +11 dagger "Pudiok" {heavy, rPois rC++ Will+ Dex-3}
rCold   + + .        c - +0 buckler
rNeg    . . .        b - +1 scale mail
rPois   +            g - +2 helmet
rElec   .            (no cloak)
rCorr   .            (no gloves)
SInv    .            (no boots)
Will    +....        y - amulet of regeneration Stlth
                     (no ring)
HPRegen 1.10/turn    (no ring)
MPRegen 0.11/turn

%: no passive effects
@: studying Armour
A: rugged brown scales 2, foul stench 1, powered by death 1
a: Renounce Religion, Heroism


You were on level 6 of the Dungeon.
You worshipped Okawaru.
Okawaru was aware of your devotion.
You visited 2 branches of the dungeon, and saw 7 of its levels.

You collected 236 gold pieces.

Inventory:

Hand Weapons
 a - a +0 war axe
 o - the +2 trident of Thoughtfulness {flame, rPois rF+}
   (You found it on level 2 of the Dungeon)

   rF:        It protects you from fire.
   rPois:     It protects you from poison.
 q - the +11 dagger "Pudiok" (weapon) {heavy, rPois rC++ Will+ Dex-3}
   (You took it off a kobold on level 2 of the Dungeon)

   Dex:       It affects your dexterity (-3).
   rC:        It greatly protects you from cold.
   rPois:     It protects you from poison.
   Will:      It increases your willpower.
Missiles
 j - 2 javelins
 Z - a throwing net (quivered)
Armour
 b - a +1 scale mail (worn)
 c - a +0 buckler (worn)
 g - a +2 helmet (worn)
   (You found it on level 1 of the Dungeon)
Jewellery
 y - an amulet of regeneration (around neck)
   (You found it on level 1 of the Dungeon)
Scrolls
 R - 2 scrolls of identify {@r1}
 T - a scroll of teleportation
Potions
 d - a potion of might
 e - 2 potions of flight
 f - 3 potions of attraction {unknown}
 h - a potion of lignification {unknown}
 i - 3 potions of ambrosia {unknown}
 k - 3 potions of degeneration {unknown}
 l - 2 potions of brilliance {unknown}
 m - a potion of haste {unknown}
 p - 4 potions of curing {unknown}
 r - a potion of heal wounds {unknown}


   Skills:
 - Level 3.0 Fighting
 + Level 5.2 Short Blades
 + Level 6.7 Axes
 - Level 2.6 Armour
 - Level 2.6 Shields


You had 7 spell levels left.
You didn't know any spells.
Your spell library contained the following spells:

 Spells                   Type           Power      Damage    Failure   Level
 Inner Flame              Hex/Fire       0%         N/A       99%         3
 Flame Wave               Conj/Fire      0%         2d4       100%        4
 Sticky Flame             Conj/Fire      0%         2d3       100%        4


Dungeon Overview and Level Annotations

Branches:
Dungeon (6/15)             Temple (1/1) D:4

Altars:
Dithmenos
Gozag
Hepliaklqana
Kikubaaqudgha
Makhleb
Nemelex Xobeh
Okawaru
Qazlal
Ru
Sif Muna
Uskayaw
Vehumet
Xom
Yredelemnul

Annotations:
Temple 2 transporters


Innate Abilities, Weirdness & Mutations

You are mostly covered in rugged brown scales. (AC +2, +5% HP)
You may rarely emit foul miasma when damaged in melee.
You regenerate a little health from kills.


Message History

There is a stone staircase leading up here.
Key pressed, stopping explore.
Key pressed, stopping explore.
Done exploring.
As you read the scroll labelled WILURORYEPN, it crumbles to dust.
You hear a loud clanging noise!
It was a scroll of noise.
Done exploring.
Done exploring.
Done exploring.
Done exploring.
There is a stone staircase leading down here.
You climb downwards.
The orc priest shouts!
The gnoll shouts! x4; You hear a shout! x2
Found a gold wand.
Found a glowing golden altar of the Shining One.
There is a stone staircase leading up here.
There are monsters nearby!
There are monsters nearby!
You puncture the gnoll!
The gnoll is severely wounded.
The gnoll bouda barks out a call to the hunt!
The gnolls pick up the pace!
The gnoll barely misses you.
An orc wizard comes into view. It is wielding a +0 dagger.
The gnoll hits you with a +0 spear. The gnoll closely misses you.
The gnoll hits you but does no damage.
The gnoll hits you from afar with a +0 spear.
The gnoll bouda calls upon its god to heal the gnoll.
The gnoll is healed somewhat.
The gnoll hits you with a +0 club. The gnoll hits you with a +0 spear.
The orc priest calls down the wrath of Beogh upon you.
Beogh smites you!
* * * LOW HITPOINT WARNING * * *
You climb upwards.
There is a stone staircase leading down here.
You puncture the gnoll!
The gnoll is almost dead.
You block the gnoll's attack. The gnoll hits you but does no damage.
You hit the gnoll.
You kill the gnoll!
Okawaru accepts your kill. You block the gnoll's attack.
You puncture the gnoll!
The gnoll is almost dead.
The gnoll closely misses you.
You closely miss the gnoll.
The gnoll is almost dead.
The gnoll barely misses you.
You puncture the gnoll!
You kill the gnoll!
Okawaru accepts your kill.
No target in view!
No target in view!
Things that are here:
a +0 club; a gnoll corpse
There is a stone staircase leading down here.
You climb downwards.
Found a stone staircase leading down.
There is a stone staircase leading up here.
A scorpion is nearby!
A scorpion is nearby!
A scorpion is nearby!
An ice beast and an iguana come into view.
The scorpion stings you.
There are monsters nearby!
You barely miss the scorpion. The scorpion closely misses you.
The scorpion stings you but does no damage.
You puncture the scorpion!
The scorpion is heavily wounded.
The scorpion stings you but does no damage.
There are monsters nearby!
You puncture the scorpion!
You kill the scorpion!
Okawaru accepts your kill.
The ice beast hits you but does no damage.
Your Short Blades skill increases to level 5!
There are monsters nearby!
You puncture the ice beast!
The ice beast is moderately wounded.
The ice beast closely misses you.
You barely miss the ice beast.
The ice beast is moderately wounded.
The ice beast hits you but does no damage.
The iguana bites you.
You hit the ice beast but do no damage.
The ice beast is moderately wounded.
The ice beast hits you but does no damage.
The iguana bites you but does no damage.
You puncture the ice beast!
The ice beast is severely wounded.
The ice beast barely misses you. The iguana barely misses you.
You puncture the ice beast!
You kill the ice beast!
Okawaru accepts your kill. The iguana bites you. x2
You have reached level 8!
You feel stronger.
Your demonic ancestry asserts itself...
Rugged brown scales spread over more of your body.
Are you sure you want to abandon this character and quit the game? (Confirm with "yes".)

..# ..# ..
####
#####......#
#...#.#...
#...#...#
#.<.#...#
#...@l#
#>......#
#...##.##
#...# .#
#...# #
###.# #.#
#.#


You could see an iguana.

Vanquished Creatures
  Grinder (D:3)
  An ice beast (D:6)
  A black bear (D:3)
  A phantom (D:5)
  Blork the orc (D:4)
  A scorpion (D:6)
  6 hounds
  A sleepcap (D:5)
  8 gnolls (D:5)
  5 adders
  An ufetubus (D:5)
  2 worms
  A dart slug (D:1)
  8 orcs
  7 ball pythons
  9 endoplasms
  3 giant cockroaches
  7 goblins
  10 hobgoblins
  13 jackals
  2 quokkas
  10 bats
  3 frilled lizards
  7 kobolds
  5 rats
114 creatures vanquished.

Notes
Turn   | Place    | Note
-------+----------+-------------------------------------------
     0 | D:1      | Dani the Demonspawn Fighter began the quest for the Orb.
     0 | D:1      | Reached XP level 1. HP: 18/18 MP: 1/1
    10 | D:1      | Reached skill level 2 in Axes
    90 | D:1      | Gained mutation: You may rarely emit foul miasma when
                  | damaged in melee. [demonic ancestry]
    90 | D:1      | Reached XP level 2. HP: 23/24 MP: 2/2
   257 | D:1      | Reached skill level 3 in Axes
   473 | D:1      | Reached XP level 3. HP: 29/29 MP: 3/3
   774 | D:2      | Identified the +2 trident of Thoughtfulness {flame, rPois
                  | rF+}
  1006 | D:2      | Identified the +11 dagger "Pudiok" {heavy, rPois rC++ Will+
                  | Dex-3}
  1245 | D:2      | Found a faded altar of an unknown god.
  1425 | D:3      | Found a hazy altar of Hepliaklqana.
  1461 | D:3      | Gained mutation: You are partially covered in rugged brown
                  | scales. (AC +1, +3% HP) [demonic ancestry]
  1461 | D:3      | Reached XP level 4. HP: 29/36 MP: 4/4
  1469 | D:3      | Reached skill level 4 in Axes
  1530 | D:3      | Noticed Grinder
  1543 | D:3      | Killed Grinder
  1544 | D:3      | Reached skill level 2 in Short Blades
  1544 | D:3      | Reached XP level 5. HP: 42/42 MP: 5/5
  1544 | D:3      | Gained mutation: You regenerate a little health from kills.
                  | [demonic ancestry]
  1544 | D:3      | Reached XP level 6. HP: 48/48 MP: 6/6
  1598 | D:3      | Reached skill level 5 in Axes
  1611 | D:3      | Identified a scroll of acquirement
  1611 | D:3      | Acquired a manual of Armour
  1667 | D:3      | Reached skill level 3 in Short Blades
  1981 | D:4      | Found a staircase to the Ecumenical Temple.
  1993 | D:4      | Noticed Blork the orc
  1997 | Temple   | Entered the Ecumenical Temple
  1997 | Temple   | Found a transporter.
  1997 | Temple   | Found a transporter.
  2007 | Temple   | Found a transporter.
  2007 | Temple   | Found a transporter.
  2021 | Temple   | Became a worshipper of Warmaster Okawaru
  2048 | D:4      | Killed Blork the orc
  2089 | D:4      | Reached XP level 7. HP: 43/53 MP: 7/7
  2228 | D:4      | Reached skill level 4 in Short Blades
  2445 | D:5      | Entered Level 5 of the Dungeon
  2457 | D:5      | Reached skill level 6 in Axes
  2534 | D:5      | Reached * piety under Okawaru
  2947 | D:5      | Found a sparkling altar of Nemelex Xobeh.
  2947 | D:5      | Found an opulent altar of Gozag.
  3030 | D:6      | Reached skill level 5 in Short Blades
  3035 | D:6      | Gained mutation: You are mostly covered in rugged brown
                  | scales. (AC +2, +5% HP) [demonic ancestry]
  3035 | D:6      | Reached XP level 8. HP: 46/60 MP: 8/8
  3035 | D:6      | Quit the game

Illustrated notes

Levels and vault maps discovered:
D:1:      amcnicky_arrival_underground_garden, layout_rooms,
          serial_corexii_hall, chequers_hall_statues_wall_a,
          corexii_hall_statues_l
D:2:      layout_basic, hellmonk_ecumenical_altar_run_dry, chequers_avenue
D:3:      layout_basic, nzn_hepliaklqana_mist_gate, guppyfry_early_orc_mine,
          uniq_grinder
D:4:      layout_rooms, minmay_temple_entry_mist, kennysheep_generic_room_9,
          uniq_blork_the_orc
D:5:      layout_rooms, grunt_temple_overflow_opulence,
          kennysheep_decorative_pillar, minmay_misc_feat_x, minivault_24,
          skrybe_limestone_x
D:6:      minmay_cornered_nines, layout_rooms, mainiacjoe_overflow_catwalk,
          mainiacjoe_overflow_surrounded_room, kennysheep_mini,
          hangedman_decor_growths
Temple:   hellmonk_temple_divided_pantheon

Skill      XL: |  1  2  3  4  5  6  7 |
---------------+----------------------+-----
Axes           | 2 3 4 5 6 |  6.7
Short Blades   | 2 3 5 |  5.2
Fighting       | |  3.0
Armour         | |  2.6
Shields        | |  2.6

Action                     |  1- 3 |  4- 6 |  7- 9 || total
---------------------------+-------+-------+-------++-------
  Melee: War axe           |   104 |       |       ||   104
         Dagger            |     9 |    69 |   116 ||   194
    Use: Scroll            |       |     6 |     1 ||     7
 Armour: Scale mail        |    55 |    40 |   107 ||   202
  Dodge: Dodged            |    52 |    34 |    80 ||   166
  Block: Buckler           |    32 |    10 |    24 ||    66

Levels and vault maps discovered:
D:1:      amcnicky_arrival_underground_garden, layout_rooms,
          serial_corexii_hall, chequers_hall_statues_wall_a,
          corexii_hall_statues_l
D:2:      layout_basic, hellmonk_ecumenical_altar_run_dry, chequers_avenue
D:3:      layout_basic, nzn_hepliaklqana_mist_gate, guppyfry_early_orc_mine,
          uniq_grinder
D:4:      layout_rooms, minmay_temple_entry_mist, kennysheep_generic_room_9,
          uniq_blork_the_orc
D:5:      layout_rooms, grunt_temple_overflow_opulence,
          kennysheep_decorative_pillar, minmay_misc_feat_x, minivault_24,
          skrybe_limestone_x
D:6:      minmay_cornered_nines, layout_rooms, mainiacjoe_overflow_catwalk,
          mainiacjoe_overflow_surrounded_room, kennysheep_mini,
          hangedman_decor_growths
Temple:   hellmonk_temple_divided_pantheon

Table legend: (Time is in decaauts)
 A = Elapsed time spent in this place.
 B = Non-inter-level travel time spent in this place.
 C = Inter-level travel time spent in this place.
 D = Time resting spent in this place.
 E = Time spent auto-exploring this place.
 F = Levels seen in this place.
 G = Mean time per level.
                   A        B        C        D        E       F      G
               +--------+--------+--------+--------+--------+-----+--------+
         Total |   3134 |   2969 |    165 |      0 |   2215 |   7 |  447.7 |
       Dungeon |   3091 |   2941 |    150 |      0 |   2201 |   6 |  515.2 |
        Temple |     42 |     27 |     15 |      0 |     14 |   1 |   42.0 |
               +--------+--------+--------+--------+--------+-----+--------+

Top non-repeatable levels by time:
     D:2: 740 daAuts
     D:3: 684 daAuts
     D:1: 607 daAuts
     D:5: 587 daAuts
     D:4: 457 daAuts
  Temple: 42 daAuts
     D:6: 14 daAuts

Table legend:
 A = Kills in this place as a percentage of kills in the entire game.
 B = Kills by you in this place as a percentage of kills by you in the entire game.
 C = Kills by friends in this place as a percentage of kills by friends in the entire game.
 D = Other kills in this place as a percentage of other kills in the entire game.
 E = Experience gained in this place as a percentage of experience gained in the entire game.
 F = Experience gained in this place divided by the number of levels of this place that you have seen.
                   A       B       C       D       E      F
               +-------+-------+-------+-------+-------+----------------------
         Total | 100.0 | 100.0 |   N/A |   N/A | 100.0 | 208.9
       Dungeon | 100.0 | 100.0 |   N/A |   N/A | 100.0 | 243.7
               +-------+-------+-------+-------+-------+----------------------
